 Dungeon Crawl Stone Soup version 0.30.0-5-g1a98f26d00 (webtiles) character file.

Game seed: 11046502670797101600

54 GeoRichter the Conjurer (level 3, -3/14 (21) HPs)
             Began as a Tengu Reaver on May 9, 2023.
             Was a Believer of Fedhas.
             Slain by a goblin
             ... wielding a +0 club
             ... led by Robin
              (5 damage)
             ... on level 2 of the Dungeon.
             The game lasted 00:02:07 (1224 turns).

GeoRichter the Conjurer (Tengu Reaver)              Turns: 1224, Time: 00:02:08

HP:   -3/14 (21)    AC:  3    Str: 12    XL:     3   Next: 91%
MP:   7/7           EV: 11    Int: 15    God:    Fedhas [**....]
Gold: 45            SH:  0    Dex: 12    Spells: 5/6 levels left

rFire   . . .        a - +0 falchion
rCold   . . .        (no shield)
rNeg    . . .        b - +0 leather armour
rPois   .            (helmet restricted)
rElec   .            (no cloak)
rCorr   .            (no gloves)
SInv    .            (boots unavailable)
Will    .....        (no amulet)
Stlth   ++           (no ring)
HPRegen 0.22/turn    (no ring)
MPRegen 0.10/turn

%: no passive effects
@: brilliant, very heavily drained
A: beak, talons 3
a: Renounce Religion, Wall of Briars


You were on level 2 of the Dungeon.
You worshipped Fedhas.
Fedhas was pleased with you.
You visited 1 branch of the dungeon, and saw 2 of its levels.

You collected 45 gold pieces.

Inventory:

Hand Weapons
 a - a +0 falchion (weapon)
Missiles
 n - 5 poisoned darts
Armour
 b - a +0 leather armour (worn)
Scrolls
 g - a scroll of enchant weapon {unknown}
 h - a scroll of poison {unknown}
 i - 2 scrolls of teleportation {unknown}
 j - 2 scrolls of identify {unknown}
 m - a scroll of amnesia {unknown}
Potions
 c - a potion of degeneration {unknown}
 d - a potion of mutation {unknown}
 e - a potion of brilliance
 f - 2 potions of flight {unknown}
 k - a potion of berserk rage {unknown}
 l - 2 potions of heal wounds {unknown}


   Skills:
 - Level 2.0 Fighting
 - Level 3.2 Long Blades
 - Level 2.1 Dodging
 + Level 2.9 Stealth
 + Level 2.1 Spellcasting
 * Level 4.7 Conjurations


You had 5 spell levels left.
You knew the following spells:

 Your Spells              Type           Power      Damage    Failure   Level
a - Kiss of Death         Conj/Necr      52%        2d9       11%         1

Your spell library contained the following spells:

 Spells                   Type           Power      Damage    Failure   Level
 Momentum Strike          Conj/Tloc      26%        3d8       16%         2
 Hailstorm                Conj/Ice       13%        3d5       30%         3


Dungeon Overview and Level Annotations

Branches:
Dungeon (2/15)

Altars:
Fedhas

Annotations:
D:2 Natasha, Robin


Innate Abilities, Weirdness & Mutations

You have a beak for a mouth.
You have claws for feet.


Message History

You hit the goblin.
You kill the goblin!
Fedhas appreciates your contribution to the ecosystem.
The goblin hits you with a +0 club.
* * * LOW HITPOINT WARNING * * *
The goblin attacks as you move away! The goblin hits you but does no damage.
The goblin attacks as you move away! The goblin closely misses you.
Things that are here:
a +0 dagger; a goblin corpse Unknown command.
The goblin attacks as you move away! The goblin barely misses you.
Unknown command.
Okay, then.
Unknown command.
Okay, then.
It was a potion of brilliance.
You feel clever all of a sudden. The goblin closely misses you.
The goblin barely misses you. The goblin attacks as you move away!
The goblin hits you with a +0 dagger.
* * * LOW HITPOINT WARNING * * *
The goblin attacks as you move away! The goblin barely misses you.
Robin says, "Kneel, worm!"
Unknown command.
The goblin attacks as you move away! The goblin closely misses you.
Robin throws the goblin at you! The goblin hits you but does no damage.
You closely miss the goblin.
The hobgoblin shouts!
You claw the goblin.
You kill the goblin!
Fedhas appreciates your contribution to the ecosystem.
Natasha, Servant of Life and Death comes into view.
She is carrying a wand of flame (15).
The goblin hits you but does no damage. The goblin closely misses you.
Robin roars a battlecry!
The goblins go into a battle-frenzy!
The dart slug briefly extends its eye-stalks.
You see here a +0 dagger.
The goblin attacks as you move away! The goblin hits you with a +0 club.
You die...
Fedhas appreciates your contribution to the ecosystem.

..# #...### ##.## #.# #...# #.##
##.## #)g.# #######.## ##...#
#.g.# #.......##
##.#..#########gw.#####.####..#
.#[......#...............###.#.##
..................รท.........###..
.#.......#......gg.......###.#.##
###...#########@g.#####.###..###
#...# #...# #......##. ###.# #.).#
#####.###. #.# #...# #.###.
#.#########...# #.....
#.##..........#############.
##.#####.#.........# #..
#...####.#########.# #.#
#.....##)# ##.## #.#


You could see Robin, a dart slug, 2 hobgoblins and 3 goblins.

Vanquished Creatures
  Natasha (D:2)
  A worm (D:2)
  An endoplasm (D:1)
  A giant cockroach (D:1)
  5 goblins
  2 hobgoblins (D:1)
  5 kobolds
  2 quokkas (D:1)
  4 ball pythons
  A bat (D:2)
  A frilled lizard (D:1)
  4 rats
28 creatures vanquished.

Notes
Turn   | Place    | Note
-------+----------+-------------------------------------------
     0 | D:1      | GeoRichter the Tengu Reaver began the quest for the Orb.
     0 | D:1      | Reached XP level 1. HP: 12/12 MP: 4/4
    44 | D:1      | Found a faded altar of an unknown god.
    86 | D:1      | Reached skill level 1 in Stealth
    99 | D:1      | Prayed at the altar of an unknown god.
    99 | D:1      | Became a worshipper of Fedhas Madash
    99 | D:1      | Reached * piety under Fedhas
   199 | D:1      | Reached XP level 2. HP: 14/17 MP: 6/6
  1000 | D:2      | Reached ** piety under Fedhas
  1001 | D:2      | Reached XP level 3. HP: 15/21 MP: 7/7
  1109 | D:2      | Noticed Natasha
  1117 | D:2      | Killed Natasha
  1207 | D:2      | Noticed Robin
  1222 | D:2      | Noticed Natasha
  1224 | D:2      | Slain by a goblin

Illustrated notes

Levels and vault maps discovered:
D:1:      psy_arrival_fountain, layout_basic, chequers_ecumenical_altar_simple,
          minmay_tall_x
D:2:      layout_loops_cross, hangedman_decor_opposing, uniq_robin, uniq_natasha

Skill      XL: |  1  2 |
---------------+-------+-----
Stealth        | 1 2 |  2.9
Fighting       | |  2.0
Long Blades    | |  3.2
Dodging        | |  2.1
Spellcasting   | |  2.1
Conjurations   | |  4.7

Action                     || total
---------------------------++-------
  Melee: Falchion          ||    71
         Kick              ||    11
         Peck              ||     8
   Cast: Kiss of Death     ||     2
    Use: Potion            ||     1
   Stab: Sleeping          ||     1
 Armour: Leather armour    ||    19
  Dodge: Dodged            ||    53
